 Dungeon Crawl Stone Soup version 0.28-a0-1613-gdaab1c2f9b (webtiles) character file.

Game seed: 17548271344506028018

162 a3don the Sneak (level 5, -2/25 HPs)
             Began as a Spriggan Enchanter on Jan 21, 2022.
             Slain by a wyvern zombie (12 damage)
             ... on level 4 of the Dungeon.
             The game lasted 00:09:55 (4553 turns).

a3don the Sneak (Spriggan Enchanter)                Turns: 4553, Time: 00:09:56

Health: -2/25      AC:  2    Str:  4    XL:     5   Next: 19%
Magic:  7/10       EV: 17    Int: 19    God:
Gold:   130        SH:  0    Dex: 15    Spells: 2/10 levels left

rFire   . . .      SeeInvis +   a - +1 dagger
rCold   . . .      Faith    .   (no shield)
rNeg    . . .      Spirit   .   b - +0 robe
rPois   .          Reflect  .   (helmet restricted)
rElec   .          Harm     .   (no cloak)
rCorr   .          Rampage  .   (gloves unavailable)
Will    .....                   (boots unavailable)
Stlth   +++.......              (no amulet)
HPRegen 0.08/turn               (no ring)
MPRegen 0.12/turn               (no ring)

@: very quick
A: very small, no large weapons, unfitting armour, see invisible, speed 3
a: no special abilities


You were on level 4 of the Dungeon.
You visited 1 branch of the dungeon, and saw 4 of its levels.

You collected 130 gold pieces.

Inventory:

Hand Weapons
 a - a +1 dagger (weapon)
 m - a +0 war axe
Missiles
 f - 65 stones
 h - 39 sling bullets
 l - 5 poisoned darts (quivered)
Armour
 b - a +0 robe (worn)
Magical Staves
 d - a staff of earth
Scrolls
 e - 3 scrolls of fog {unknown}
 g - 3 scrolls of identify {unknown}
 i - a scroll of noise {unknown}
 k - a scroll of summoning {unknown}
 n - a scroll of teleportation {unknown}
Potions
 c - a potion of invisibility
 j - a potion of flight {unknown}


   Skills:
 + Level 0.8 Fighting
 + Level 3.2 Short Blades
 - Level 2.6 Dodging
 + Level 5.6 Stealth
 - Level 3.0 Spellcasting
 * Level 5.1 Hexes


You had 2 spell levels left.
You knew the following spells:

 Your Spells              Type           Power      Damage    Failure   Level
a - Ensorcelled Hibernat  Hex/Ice        24%        N/A       8%          2
b - Confusing Touch       Hex            22%        N/A       5%          3
c - Tukima's Dance        Hex            22%        N/A       5%          3

Your spell library contained the following spells:

 Spells                   Type           Power      Damage    Failure   Level
 Dazzling Flash           Conj/Hex       24%        N/A       16%         3


Dungeon Overview and Level Annotations

Branches:
Dungeon (4/15)
 Temple: D:4-7

Altars:
Vehumet

Shops:
D:2 =


Innate Abilities, Weirdness & Mutations

You are very small and have problems with some larger weapons.
You are too small for most types of armour.
You have supernaturally acute eyesight. (SInv)
You cover ground extremely quickly. (Speed+++)


Message History

You are too injured to fight recklessly!
Casting: Confusing Touch (quite dangerous; 5% risk of failure)
Confirm with . or Enter, or press ? or * to list all spells.
The spell is quite dangerous to miscast (5% risk of failure)!
Continue anyway?
Your hands begin to glow red.
The ufetubus hits you.
The ufetubus hits you but does no damage.
You hit the ufetubus but do no damage.
The ufetubus appears confused.
The ufetubus is moderately wounded.
The ufetubus misses you. The ufetubus hits you.
* * * LOW HITPOINT WARNING * * *
You catch the helpless ufetubus completely off-guard!
You puncture the ufetubus!
You kill the ufetubus!
You start resting.
Magic restored.
You start resting.
A wyvern zombie comes into view.
A wyvern zombie is nearby!
There is a stone staircase leading up here.
You climb upwards.
There is a stone staircase leading down here.
You start resting.
HP restored.
You start waiting.
Done waiting.
You climb downwards.
The wyvern zombie misses you. x2
There is a stone staircase leading up here.
Casting: Confusing Touch (quite dangerous; 5% risk of failure)
Confirm with . or Enter, or press ? or * to list all spells.
The spell is quite dangerous to miscast (5% risk of failure)!
Continue anyway?
Your hands begin to glow red.
The wyvern zombie closely misses you.
You completely miss the wyvern zombie. The wyvern zombie misses you.
You hit the wyvern zombie but do no damage.
The wyvern zombie appears confused.
The wyvern zombie bites you!
Ouch! That really hurt!
You hit the wyvern zombie but do no damage.
The wyvern zombie misses you.
You hit the wyvern zombie but do no damage.
The wyvern zombie bites you!
You die...

#.. .###..######
#...#......##
............##
.............#
.............#
......Z......#
.......@.....#
.............#
.......).....#
.............##..
.....#.............
)#########..#...>##
##.##...# .........
.......##


You could see a wyvern zombie (confused).

Vanquished Creatures
  An orc priest (D:3)
  3 adders
  An ufetubus (D:4)
  3 worms (D:2)
  2 dart slugs
  5 orcs (D:3)
  9 ball pythons
  5 endoplasms
  3 giant cockroaches
  9 goblins
  4 hobgoblins
  6 jackals
  4 quokkas
  6 bats
  5 frilled lizards
  9 kobolds
  3 rats (D:1)
78 creatures vanquished.

Notes
Turn   | Place    | Note
-------+----------+-------------------------------------------
     0 | D:1      | a3don the Spriggan Enchanter began the quest for the Orb.
     0 | D:1      | Reached XP level 1. HP: 9/9 MP: 5/5
   125 | D:1      | Reached XP level 2. HP: 10/13 MP: 6/6
   360 | D:1      | Learned a level 2 spell: Ensorcelled Hibernation
  1061 | D:1      | Found a faded altar of an unknown god.
  1119 | D:1      | Reached XP level 3. HP: 4/16 MP: 1/8
  1378 | D:1      | Learned a level 3 spell: Confusing Touch
  1382 | D:1      | Learned a level 3 spell: Tukima's Dance
  1650 | D:2      | Reached skill level 5 in Stealth
  1727 | D:2      | Found Neiffisu's Jewellery Emporium.
  2795 | D:2      | Reached XP level 4. HP: 21/21 MP: 9/9
  2998 | D:2      | You fall into a shaft and drop 1 floor!
  3121 | D:3      | Found a radiant altar of Vehumet.
  3493 | D:3      | Reached skill level 5 in Hexes
  3493 | D:3      | Reached XP level 5. HP: 7/25 MP: 3/10
  4553 | D:4      | Slain by a wyvern zombie

Illustrated notes

Levels and vault maps discovered:
D:1:      doesnt_arrival_eight_statues, layout_basic,
          hellmonk_ecumenical_altar_prayer_group
D:2:      layout_loops_ring, serial_shops, shop
D:3:      layout_rooms, amcnicky_altar_gilded, hex_intersection
D:4:      layout_rooms, temple_hall, minmay_fractal_squares_diagonal_5,
          uniq_sigmund

Skill      XL: |  1  2  3  4 |
---------------+-------------+-----
Spellcasting   | 3 |  3.0
Short Blades   | 2 3 |  3.2
Hexes          | 4 5 |  5.1
Stealth        | 5 |  5.6
Fighting       | |  0.8
Dodging        | |  2.6

Action                   |  1- 3 |  4- 6 || total
-------------------------+-------+-------++-------
Melee: Dagger            |   131 |   105 ||   236
       Punch             |     2 |     1 ||     3
Throw: Dart              |       |     1 ||     1
 Cast: Ensorcelled Hiber |    32 |    17 ||    49
       Confusing Touch   |       |     5 ||     5
 Stab: Sleeping          |    31 |    21 ||    52
       Distracted        |     1 |       ||     1
       Confused          |       |     2 ||     2
Armor: Robe              |     4 |    13 ||    17
Dodge: Dodged            |    90 |   105 ||   195

Table legend: (Time is in decaauts)
 A = Elapsed time spent in this place.
 B = Non-inter-level travel time spent in this place.
 C = Inter-level travel time spent in this place.
 D = Time resting spent in this place.
 E = Time spent auto-exploring this place.
 F = Levels seen in this place.
 G = Mean time per level.
                   A        B        C        D        E       F      G
               +--------+--------+--------+--------+--------+-----+--------+
         Total |   3814 |   3778 |     36 |   1992 |   1082 |   4 |  953.5 |
       Dungeon |   3814 |   3778 |     36 |   1992 |   1082 |   4 |  953.5 |
               +--------+--------+--------+--------+--------+-----+--------+

Top non-repeatable levels by time:
     D:1: 1484 daAuts
     D:2: 1098 daAuts
     D:3: 1094 daAuts
     D:4: 137 daAuts
